 Dungeon Crawl Stone Soup version 0.30-a0-385-gfebfb9b408 (webtiles) character file.

Game seed: 12297359316941594028

1710 PyroL the Thaumaturge (level 8, -5/34 (41) HPs)
             Began as a Deep Elf Necromancer on Dec 3, 2022.
             Was a Follower of Kikubaaqudgha.
             Shot with a sling bullet by Joseph (16 damage)
             ... on level 8 of the Dungeon.
             The game lasted 00:15:17 (7287 turns).

PyroL the Thaumaturge (Deep Elf Necromancer)        Turns: 7287, Time: 00:15:17

HP:   -5/34 (41)    AC:  3    Str:  5    XL:     8   Next: 74%
MP:   19/24         EV: 13    Int: 27    God:    Kikubaaqudgha [*.....]
Gold: 299           SH:  5    Dex: 25    Spells: 17/28 levels left

rFire   + . .      SeeInvis .    y - +3 falchion of Sequestration {vorpal, rF+ Int+4 Dex+4}
rCold   . . .      Faith    .    (no shield)
rNeg    . . .      Spirit   .    a - +0 robe
rPois   .          Reflect  +    (no helmet)
rElec   .          Harm     .    (no cloak)
rCorr   .          Rampage  .    (no gloves)
Will    .....                    B - +0 pair of boots
Stlth   +++.......               m - amulet of reflection
HPRegen 0.25/turn                q - +6 ring of dexterity
MPRegen 0.19/turn                s - +4 ring of slaying

@: heavily drained
A: no striking features
a: Renounce Religion, Unearth Wretches


You were on level 8 of the Dungeon.
You worshipped Kikubaaqudgha.
Kikubaaqudgha was aware of your devotion.
You visited 2 branches of the dungeon, and saw 9 of its levels.
You also visited: Ossuary and Bailey.

You collected 299 gold pieces.

Inventory:

Hand Weapons
 y - the +3 falchion of Sequestration (weapon) {vorpal, rF+ Int+4 Dex+4}
   (You found it on level 7 of the Dungeon)

   It inflicts extra damage upon your enemies.
   Int:       It affects your intelligence (+4).
   Dex:       It affects your dexterity (+4).
   rF:        It protects you from fire.
Missiles
 g - 22 poisoned darts
 u - 2 javelins
Armour
 a - a +0 robe (worn)
 B - a +0 pair of boots (worn)
Jewellery
 m - an amulet of reflection (around neck)
 q - a +6 ring of dexterity (left hand)
 s - a +4 ring of slaying (right hand)
Wands
 p - a wand of acid (7)
 C - a wand of polymorph (4)
 H - a wand of charming (10)
Scrolls
 c - 6 scrolls of teleportation
 d - 4 scrolls of magic mapping
 h - 2 scrolls of vulnerability
 i - a scroll of enchant weapon {unknown}
 j - a scroll of brand weapon {unknown}
 o - a scroll of acquirement {unknown}
 r - a scroll of fear {unknown}
 t - 3 scrolls of blinking {unknown}
 w - 2 scrolls of immolation {unknown}
 D - a scroll of fog {unknown}
 F - a scroll of amnesia {unknown}
 I - a scroll of poison {unknown}
Potions
 b - 2 potions of magic
 e - 3 potions of invisibility
 f - 6 potions of curing
 k - 6 potions of brilliance
 l - a potion of haste {unknown}
 n - 3 potions of flight
 v - 4 potions of lignification
 x - a potion of might {unknown}
 z - a potion of heal wounds {unknown}
 A - 2 potions of attraction
 E - 2 potions of cancellation {unknown}
 G - 4 potions of mutation {unknown}


   Skills:
 - Level 2.4 Dodging
 - Level 2.4 Stealth
 + Level 10.7 Spellcasting
 + Level 10.6 Necromancy


You had 17 spell levels left.
You knew the following spells:

 Your Spells              Type           Power      Damage    Failure   Level
a - Necrotise             Necr           100%       1d9       1%          1
b - Vampiric Draining     Necr           64%        2d10      1%          3
c - Animate Dead          Necr           64%        N/A       1%          4
d - Kiss of Death         Conj/Necr      100%       2d13      1%          1
e - Blink                 Tloc           28%        N/A       6%          2

Your spell library contained the following spells:

 Spells                   Type           Power      Damage    Failure   Level
 Cigotuvi's Dreadful Rot  Necr/Pois/Air  66%        N/A       1%          2
 Agony                    Necr           64%        N/A       1%          5
 Sting                    Tmut/Pois      56%        1d5       4%          1
 Momentum Strike          Conj/Tloc      28%        3d8       6%          2
 Poisonous Vapours        Pois/Air       28%        N/A       6%          2
 Frozen Ramparts          Ice            28%        1d5       12%         3
 Gell's Gravitas          Tloc           14%        N/A       12%         3
 Lesser Beckoning         Tloc           28%        N/A       12%         3
 Mephitic Cloud           Conj/Pois/Air  14%        N/A       12%         3
 Teleport Other           Tloc           14%        N/A       12%         3
 Ice Form                 Ice/Tmut       14%        N/A       36%         4
 Olgreb's Toxic Radiance  Pois           14%        N/A       36%         4
 Summon Ice Beast         Ice/Summ       14%        N/A       36%         4
 Borgnjor's Revivificati  Necr           32%        N/A       97%         8
 Necromutation            Tmut/Necr      21%        N/A       100%        8
 Death's Door             Necr           32%        N/A       100%        9


Dungeon Overview and Level Annotations

Branches:
Dungeon (8/15)             Temple (1/1) D:5         Ossuary (visited)
 Bailey (visited)
   Lair: D:8-11

Altars:
Ashenzari
Cheibriados
Dithmenos
Elyvilon
Gozag
Hepliaklqana
Kikubaaqudgha
Makhleb
Nemelex Xobeh
Okawaru
Ru
Sif Muna
Trog
Uskayaw
Vehumet
Wu Jian
Yredelemnul
Zin
The Shining One

Shops:
D:7 **:

Annotations:
D:8 Joseph


Message History

Kikubaaqudgha accepts your kill.
The dead are walking!
Casting: Necrotise (safe; 1% risk of failure)
Confirm with . or Enter, or press ? or * to list all spells.
Aiming: Vampiric Draining (safe; 1% risk of failure)
Press: ? - help, Shift-Dir - straight line, f - orc
Aim: an orc, wielding a +0 flail and wearing a +0 leather armour (ally target)
You draw life force from the orc!
You kill the orc!
Kikubaaqudgha accepts your kill.
You feel life coursing into your body.
Joseph unwields a +5 spectral quarterstaff.
Joseph wields a +0 sling.
Joseph shoots a sling bullet.
The sling bullet hits you!
Your orc priest skeleton hits Joseph but does no damage.
Joseph unwields a +0 sling.
Joseph wields a +5 spectral quarterstaff.
Joseph hits you with a +5 spectral quarterstaff!
* * * LOW HITPOINT WARNING * * *
Items here: )))) [[[ ††.
Casting: Vampiric Draining (safe; 1% risk of failure)
Confirm with . or Enter, or press ? or * to list all spells.
Aiming: Kiss of Death (safe; 1% risk of failure)
Press: ? - help, Shift-Dir - straight line, f - Joseph
Aim: Joseph, wielding a +5 spectral quarterstaff, wearing a +0 leather armour and carrying a wand of mindburst (17) (ally target, 100% to hit)
The negative energy hits Joseph!
Joseph is drained!
Joseph is moderately wounded.
You feel drained.
Your orc priest skeleton hits Joseph.
Joseph hits your orc priest skeleton with a +5 spectral quarterstaff!
You swap places.
Your bat zombie hits Joseph but does no damage.
Your bat zombie barely misses Joseph.
Your bat zombie hits Joseph but does no damage.
Your orc priest skeleton barely misses Joseph.
Joseph unwields a +5 spectral quarterstaff.
Joseph wields a +0 sling.
Joseph shoots a sling bullet.
The sling bullet barely misses your bat zombie.
The sling bullet hits you!
You die...
Kikubaaqudgha rasps: "You have failed me!
Welcome... death!"

#.#.#
#..'Z.Z.Z..#######.####
#...#
#.##.[..##.............
..#.#
#Z##....##########.....
..#.# #Z##....# #####.
#...# #Z##....#
########. #.###
#.####### ......... ###
#.# ######.########
#.######)Z.....
#ZZZZZ@Z@...... #####
########....... .....
.....#. ..... .....#
..... .....# .....
.....# ..... .....#
..... #..... ####. #.


You could see Joseph (drained, ally target), 2 friendly bat zombies, 3 friendly
gnoll zombies, a friendly gnoll sergeant zombie and a friendly orc priest
skeleton.

Vanquished Creatures
  An orc warrior (D:6)
  An ice beast (D:6)
  2 ogres
  A kobold brigand (D:7)
  A bullfrog (D:7)
  A necrophage (D:5)
  2 scorpions (D:5)
  3 elf skeletons (D:5)
  A vampire bat (D:8)
  A hound (D:5)
  2 orc priests
  A jelly (D:8)
  2 gnoll boudas
  4 human zombies
  3 iguanas
  3 mummies (Ossuary)
  13 gnolls
  6 adders
  2 shadow imps (D:6)
  An ufetubus (D:6)
  A worm (D:2)
  2 dart slugs (D:1)
  10 orcs
  2 endoplasms
  4 giant cockroaches
  2 gnoll zombies (Ossuary)
  17 goblins
  10 hobgoblins
  4 jackals (D:3)
  10 kobolds
  3 quokkas
  3 ball pythons
  12 bats
  5 frilled lizards
  2 hobgoblin zombies (Ossuary)
  A kobold zombie (Ossuary)
  2 orc zombies
  2 rats
143 creatures vanquished.

Vanquished Creatures (collateral kills)
  A gnoll sergeant (D:8)
  4 gnolls
  An endoplasm (D:1)
  A goblin (D:3)
  2 ball pythons
  A frilled lizard (D:3)
  A kobold (D:7)
  A rat (D:1)
12 creatures vanquished.

Vanquished Creatures (others)
  An orc zombie (D:6)
  A giant cockroach zombie (D:4)
  A gnoll zombie (D:7)
  A goblin zombie (D:7)
  A hobgoblin zombie (D:4)
  A quokka zombie (D:4)
6 creatures vanquished.

Grand Total: 161 creatures vanquished

Notes
Turn   | Place    | Note
-------+----------+-------------------------------------------
     0 | D:1      | PyroL the Deep Elf Necromancer began the quest for the Orb.
     0 | D:1      | Reached XP level 1. HP: 10/10 MP: 6/6
    81 | D:1      | Reached skill level 5 in Necromancy
   217 | D:1      | Reached XP level 2. HP: 15/15 MP: 4/8
   839 | D:2      | Reached XP level 3. HP: 19/19 MP: 7/10
   843 | D:2      | Learned a level 3 spell: Vampiric Draining
  1418 | D:3      | Found a faded altar of an unknown god.
  1486 | D:3      | Reached XP level 4. HP: 24/24 MP: 6/12
  1491 | D:3      | Learned a level 4 spell: Animate Dead
  2053 | D:3      | Reached skill level 5 in Spellcasting
  2642 | D:4      | Reached XP level 5. HP: 23/28 MP: 2/14
  2812 | D:4      | You fall into a shaft and drop 3 floors!
  2840 | D:7      | Found a flagged portal.
  2863 | Bailey   | Entered a bailey
  2940 | Bailey   | Noticed an orc knight
  3000 | D:7      | Found Itaavo's Incredible Inventory.
  3028 | D:7      | Identified the +3 falchion of Sequestration {vorpal, rF+
                  | Int+4 Dex+4}
  3044 | D:6      | Noticed an orc warrior
  3172 | D:5      | Entered Level 5 of the Dungeon
  3450 | D:5      | Reached XP level 6. HP: 23/32 MP: 17/17
  3470 | D:5      | Found a sand-covered staircase.
  3760 | Ossuary  | Entered an ossuary
  4024 | Ossuary  | Reached XP level 7. HP: 26/36 MP: 19/19
  4643 | D:5      | Found a staircase to the Ecumenical Temple.
  4745 | Temple   | Entered the Ecumenical Temple
  4745 | Temple   | Found a transporter.
  4745 | Temple   | Found a transporter.
  4747 | Temple   | Found a transporter.
  4747 | Temple   | Found a transporter.
  4767 | Temple   | Became a worshipper of Kikubaaqudgha
  5680 | D:6      | Reached XP level 8. HP: 41/41 MP: 9/23
  5949 | D:6      | Found a bloodstained altar of Trog.
  5979 | D:6      | Found a basalt altar of Yredelemnul.
  6047 | D:7      | Found Gicwauka's Book Boutique.
  6195 | D:7      | Reached skill level 10 in Spellcasting
  6195 | D:7      | Reached skill level 10 in Necromancy
  6302 | D:7      | Found Vaba's General Store.
  6471 | D:7      | Reached * piety under Kikubaaqudgha
  6471 | D:7      | Received a gift from Kikubaaqudgha
  6501 | D:7      | Learned a level 1 spell: Kiss of Death
  6504 | D:7      | Learned a level 2 spell: Blink
  7273 | D:8      | Noticed Joseph
  7287 | D:8      | Shot with a sling bullet by Joseph

Illustrated notes

Levels and vault maps discovered:
D:1:      dpeg_arrival_arbitrary_a, layout_rooms
D:2:      layout_basic
D:3:      layout_loops_ring, basic_ecumenical_altar,
          chequers_serial_rivers_micro_c, minmay_goblin_kobold_house
D:4:      minmay_bubble_buster, layout_basic, guppyfry_early_lair_pool,
          uniq_ijyb
D:5:      layout_loops_ring, temple_statues, nicolae_ossuary_entry_catacombs,
          roderic_serpentine_path
D:6:      layout_gridville, mainiacjoe_overflow_two_lobes, minmay_holes
D:7:      layout_rooms, enter_bailey_3, serial_shops, shop,
          kennysheep_mini_moat, nicolae_alphabet_shops, bh_walls_and_bars
D:8:      layout_basic, gammafunk_ghost_nasty_kobolds, minmay_misc_feat_alley,
          roderic_batcave, uniq_joseph
Temple:   hellmonk_temple_divided_pantheon

Skill      XL: |  1  2  3  4  5  6  7  8 |
---------------+-------------------------+-----
Necromancy     | 5 6 7 9 10 | 10.6
Spellcasting   | 4 5 6 7 9 10 | 10.7
Dodging        | |  2.4
Stealth        | |  2.4

Action                   |  1- 3 |  4- 6 |  7- 9 || total
-------------------------+-------+-------+-------++-------
Melee: Unarmed           |     3 |     1 |       ||     4
       Spear             |       |    69 |    50 ||   119
       Punch             |       |     1 |     1 ||     2
       Falchion          |       |       |    33 ||    33
Throw: Javelin           |       |     1 |       ||     1
 Cast: Necrotise         |    66 |    82 |   120 ||   268
       Animate Dead      |       |     2 |     4 ||     6
       Vampiric Draining |       |       |     1 ||     1
       Kiss of Death     |       |       |     1 ||     1
  Use: Scroll            |     2 |       |     8 ||    10
 Stab: Sleeping          |       |     7 |       ||     7
       Distracted        |       |       |     1 ||     1
Armor: Robe              |     4 |    11 |    10 ||    25
Dodge: Dodged            |     9 |    37 |    54 ||   100
Block: Other             |     1 |    13 |    20 ||    34

Table legend: (Time is in decaauts)
 A = Elapsed time spent in this place.
 B = Non-inter-level travel time spent in this place.
 C = Inter-level travel time spent in this place.
 D = Time resting spent in this place.
 E = Time spent auto-exploring this place.
 F = Levels seen in this place.
 G = Mean time per level.
                   A        B        C        D        E       F      G
               +--------+--------+--------+--------+--------+-----+--------+
         Total |   7307 |   7019 |    288 |    578 |   5152 |  11 |  664.3 |
       Dungeon |   6658 |   6370 |    288 |    292 |   4974 |   8 |  832.2 |
        Temple |     42 |     42 |      0 |      0 |      7 |   1 |   42.0 |
       Ossuary |    502 |    502 |      0 |    286 |     95 |   1 |  502.0 |
        Bailey |    103 |    103 |      0 |      0 |     76 |   1 |  103.0 |
               +--------+--------+--------+--------+--------+-----+--------+

Top non-repeatable levels by time:
     D:5: 1345 daAuts
     D:3: 1032 daAuts
     D:6: 1006 daAuts
     D:7: 962 daAuts
     D:2: 707 daAuts
     D:1: 699 daAuts
     D:8: 534 daAuts
 Ossuary: 502 daAuts
     D:4: 370 daAuts
  Bailey: 103 daAuts
  Temple: 42 daAuts
